 Dungeon Crawl Stone Soup version 0.24-a0-284-g9fb9971df1 (webtiles) character file.

Game seed: 15669959312053192840

240 HAL9000 the Vexing (level 6, 0/42 HPs)
             Began as a Vine Stalker Enchanter on May 4, 2019.
             Succumbed to a scorpion's poison
             ... on level 4 of the Dungeon.
             The game lasted 00:07:27 (3154 turns).

HAL9000 the Vexing (Vine Stalker Enchanter)         Turns: 3154, Time: 00:07:27

Health: 0/42       AC: 23    Str: 15    XL:     6   Next: 8%
Magic:  1/10       EV:  2    Int: 20    God:
Gold:   166        SH:  0    Dex: 14    Spells: 3/9 levels left

rFire    . . .     SeeInvis .   a - +1 dagger
rCold    . . .     Gourm    .   (no shield)
rNeg     + + +     Faith    .   (armour currently unavailable)
rPois    +         Spirit   +   (helmet currently unavailable)
rElec    .         Reflect  .   (cloak currently unavailable)
rCorr    .         Harm     .   (gloves currently unavailable)
MR       +....     NoTele   +   (boots currently unavailable)
Stlth    ++........             (no amulet)
HPRegen  0.54/turn              (no ring)
MPRegen  0.12/turn              (no ring)

@: brilliant, lethally poisoned (0 -> -8), tree-form, hasted, very quick
A: magic resistance 1, regeneration 1, strong 1, magic shield, no potion heal 3,
rot immunity
a: no special abilities


You were on level 4 of the Dungeon.
You were hungry.
You were a tree.
You visited 1 branch of the dungeon, and saw 4 of its levels.

You collected 166 gold pieces.

Inventory:

Hand Weapons
 a - a +1 dagger (weapon)
Missiles
 p - 4 tomahawks (quivered)
Armour
 b - a +0 robe (melded)
 g - +0 shadow dragon scales
Wands
 f - a wand of random effects (19)
 n - a wand of iceblast (6)
Scrolls
 e - 2 scrolls of magic mapping {unknown}
 j - a scroll of fog {unknown}
 l - 2 scrolls of amnesia {unknown}
 m - a scroll of immolation {unknown}
 r - a scroll of random uselessness {unknown}
 s - a scroll of enchant weapon {unknown}
Potions
 c - a potion of haste
 h - 2 potions of flight
 k - a potion of berserk rage
Comestibles
 d - 7 rations


   Skills:
 + Level 3.4 Short Blades
 - Level 1.5 Dodging
 - Level 3.6 Stealth
 - Level 2.1 Spellcasting
 + Level 5.3 Hexes


You had 3 spell levels left.
You knew the following spells:

 Your Spells              Type           Power        Failure   Level  Hunger
a - Corona                Hex            #####..      1%          1    #......
b - Ensorcelled Hibernat  Hex/Ice        ###...       1%          2    ##.....
c - Confuse               Hex            #####...     1%          3    ###....

Your spell library contained the following spells:

 Spells                   Type           Power        Failure   Level  Hunger
 Dazzling Spray           Conj/Hex       ###...       1%          3    ###....
 Tukima's Dance           Hex            #####...     1%          3    ###....


Dungeon Overview and Level Annotations

Branches:
Dungeon (4/15)
 Temple: D:4-7

Altars:
Fedhas
Okawaru
Uskayaw
Zin
The Shining One


Innate Abilities, Weirdness & Mutations

((You have extremely sharp teeth.))
Your natural rate of healing is unusually fast.
When hurt, damage is shared between your health and your magic reserves.
((Your bite disrupts and absorbs the magic of your enemies.))
Potions cannot restore your health.
You are immune to rotting.
You are resistant to hostile enchantments. (MR+)
Your muscles are strong. (Str +2)


Message History

The scorpion is moderately wounded.
You closely miss the scorpion.
The scorpion is moderately wounded.
* * * LOW HITPOINT WARNING * * *
You feel sick. The scorpion stings you.
* * * LOW HITPOINT WARNING * * *
You are more poisoned.
The scorpion poisons you!
You closely miss the scorpion.
The scorpion is moderately wounded.
* * * LOW HITPOINT WARNING * * *
You feel sick.
The scorpion stings you but does no damage.
You hit the scorpion.
The scorpion is moderately wounded.
* * * LOW HITPOINT WARNING * * *
You feel sick.
You hit the scorpion but do no damage.
The scorpion is moderately wounded.
You die...

#.# #........ #.#
#........
#.######.......#
#..)...........#
##'##############
#.....#
#.#####.....#
#.......$...#
##....♣..####
#..$.s..#
##......#
#.####.# #. #.# #
#.# #.#


You could see a scorpion.

Vanquished Creatures
  2 scorpions
  An adder (D:2)
  An ooze (D:2)
  An adder skeleton (D:3)
  8 worms
  2 dart slugs
  3 leopard geckos
  5 orcs
  7 bats
  6 giant cockroaches
  10 goblins
  10 hobgoblins
  11 jackals
  11 kobolds
  2 ball pythons
  5 frilled lizards
  4 rats
89 creatures vanquished.

Notes
Turn   | Place    | Note
-------+----------+-------------------------------------------
     0 | D:1      | HAL9000 the Vine Stalker Enchanter began the quest for the
                  | Orb.
     0 | D:1      | Reached XP level 1. HP: 9/9 MP: 4/4
   419 | D:1      | Reached skill level 1 in Short Blades
   419 | D:1      | Reached XP level 2. HP: 13/13 MP: 6/6
   495 | D:1      | Learned a level 2 spell: Ensorcelled Hibernation
   834 | D:1      | Reached skill level 4 in Hexes
  1069 | D:1      | Reached XP level 3. HP: 16/16 MP: 7/7
  1075 | D:1      | Learned a level 3 spell: Confuse
  1670 | D:2      | Found a glowing golden altar of the Shining One.
  1785 | D:2      | Gained mutation: Your natural rate of healing is unusually
                  | fast. [Vine Stalker growth]
  1785 | D:2      | Reached XP level 4. HP: 12/21 MP: 3/8
  2430 | D:3      | Found a glowing silver altar of Zin.
  2553 | D:3      | Reached XP level 5. HP: 24/24 MP: 6/9
  2663 | D:3      | Reached skill level 5 in Hexes
  2739 | D:3      | Found a hide-covered altar of Uskayaw.
  2740 | D:3      | Found an iron altar of Okawaru.
  2770 | D:3      | Found a blossoming altar of Fedhas.
  3132 | D:4      | Reached XP level 6. HP: 28/28 MP: 6/10
  3144 | D:4      | Gained mutation: You are resistant to hostile enchantments.
                  | (MR+) [potion of mutation]
  3144 | D:4      | Gained mutation: Your muscles are strong. (Str +2) [potion
                  | of mutation]
  3151 | D:4      | HP: 2/42 [scorpion (3)]
  3154 | D:4      | Succumbed to a scorpion's poison

Levels and vault maps discovered:
D:1:      minmay_arrival_four_houses, layout_basic, serial_corexii_hall,
          chequers_hall_statues_wall_a, chequers_hall_statues_wall_a,
          minivault_5
D:2:      layout_rooms, lemuel_doored_altar, patterned_corridor
D:3:      layout_rooms, gammafunk_temple_overflow_forgotten, zin_treasury,
          serial_rivers, chequers_serial_rivers_micro_b,
          chequers_serial_rivers_large_a, chequers_serial_rivers_room_a,
          chequers_serial_rivers_small_b, chequers_serial_rivers_small_b,
          chequers_serial_rivers_small_3, columned_hall_lemuel,
          minmay_misc_feat_x
D:4:      layout_basic, first_ration, chequers_serial_rivers_micro_a,
          uniq_grinder

Skill      XL: |  1  2  3  4  5 |
---------------+----------------+-----
Short Blades   | 1 2 3 |  3.4
Hexes          | 4 5 |  5.3
Dodging        | |  1.5
Stealth        | |  3.6
Spellcasting   | |  2.1

Action                   |  1- 3 |  4- 6 || total
-------------------------+-------+-------++-------
Melee: Dagger            |    91 |   176 ||   267
       Bite              |    23 |    40 ||    63
 Cast: Corona            |     1 |       ||     1
       Ensorcelled Hiber |     8 |     9 ||    17
       Confuse           |     2 |     6 ||     8
  Use: Scroll            |       |     3 ||     3
       Potion            |       |     4 ||     4
 Stab: Sleeping          |    11 |    13 ||    24
       Confused          |     2 |     3 ||     5
  Eat: Chunk             |     3 |     6 ||     9
Armor: Robe              |    10 |    28 ||    38
       Shadow dragon sca |     3 |       ||     3
       Skin              |       |     3 ||     3
Dodge: Dodged            |    52 |   126 ||   178

Table legend:
 A = Non-vault XP
 B = Vault XP
 C = Vault XP percentage of total XP
 D = Non-vault monster count
 E = Vault monster count
 F = Vault count percentage of total count
                 A         B        C        D         E       F
            +---------+---------+-------+---------+---------+-------
      Total |     344 |       0 |   0.0 |      89 |       0 |   0.0
            +---------+---------+-------+---------+---------+-------
        D:1 |      36 |       0 |   0.0 |      21 |       0 |   0.0
        D:2 |      85 |       0 |   0.0 |      30 |       0 |   0.0
        D:3 |     148 |       0 |   0.0 |      35 |       0 |   0.0
        D:4 |      75 |       0 |   0.0 |       3 |       0 |   0.0
            +---------+---------+-------+---------+---------+-------
